AoeStats
← Green Assassin

African Clearing

504076490Analyzed
4v4 RM · 28d ago on Sep 3, 2026· 43m 25s· 8 players
Game mode
Random Map
Map size
Large (8 player)
Population
200
Speed
Normal
Resources
Standard
Victory
Conquest
Starting age
Dark Age
Ending age
Imperial Age
RankedLock teamsTeams togetherTeam positionsShared explorationLock speedFull tech treeHidden civsTurbo modeCheats
Victory
Defeat
🇲🇽 Magyars · Mexico
1250
+17
🇪🇸 Spanish · Spain
1248
+17
🇪🇸 Magyars · Spain
1242
+17
🇲🇽 Japanese · Mexico
1211
+18
🇪🇸 Magyars · Spain
1296
-19
1283
-18
🇫🇷 Italians · France
1253
-17
🇩🇪 Japanese · Germany
1214
-15
SeR_GaGo
3:56 Loom
17:40 Feudal Age
22:44 Horse Collar
23:55 Double-Bit Axe
26:04 Fishing Lines
35:25 Castle Age
33:51 Scale Barding Armor
34:04 Gold Mining
36:10 Bloodlines
36:43 Chain Barding Armor
37:22 Corvinian Army
37:43 Husbandry
39:49 Gillnets
40:27 Heavy Plow
41:55 Bow Saw
canflauta
8:47 Loom
13:09 Feudal Age
17:35 Castle Age
21:00 Horse Collar
21:29 Double-Bit Axe
22:28 Town Watch
25:02 Bow Saw
25:55 Bloodlines
26:55 Forging
28:07 Wheelbarrow
29:14 Husbandry
29:29 Scale Barding Armor
30:15 Hand Cart
32:11 Light Cavalry
37:28 Imperial Age
34:56 Fletching
35:28 Chain Barding Armor
36:24 Bodkin Arrow
39:03 Plate Barding Armor
38:10 Elite Skirmisher
39:12 Heavy Plow
39:11 Cavalier
40:39 Ballistics
41:29 Hussar
tona1410
13:41 Feudal Age
14:14 Loom
14:33 Double-Bit Axe
18:38 Castle Age
17:18 Scale Barding Armor
17:26 Bloodlines
19:50 Bow Saw
23:04 Horse Collar
24:09 Husbandry
25:24 Heavy Plow
26:04 Wheelbarrow
27:28 Gold Mining
28:03 Hand Cart
30:38 Town Watch
33:22 Chain Barding Armor
38:06 Imperial Age
35:28 Fletching
36:17 Bodkin Arrow
36:56 Padded Archer Armor
37:05 Thumb Ring
37:24 Ballistics
37:38 Treadmill Crane
38:08 Cavalier
39:25 Plate Barding Armor
39:53 Chemistry
39:23 Bracer
42:32 Leather Archer Armor
42:01 Paladin
43:04 Heavy Cavalry Archer
44:10 Parthian Tactics
Nova_Wolf
5:52 Loom
12:54 Feudal Age
19:06 Castle Age
22:54 Double-Bit Axe
39:45 Bloodlines
39:28 Fletching
39:38 Padded Archer Armor
41:49 Wheelbarrow
41:56 Bodkin Arrow
M.Gallego
3:47 Loom
12:54 Feudal Age
13:37 Man-at-Arms
16:06 Arson
18:36 Double-Bit Axe
24:08 Castle Age
22:34 Fletching
24:23 Bloodlines
25:55 Husbandry
26:01 Bodkin Arrow
30:36 Ballistics
31:22 Thumb Ring
36:23 Town Watch
Ubuntu_FTS
10:34 Loom
12:28 Feudal Age
14:13 Double-Bit Axe
20:34 Castle Age
19:26 Gold Mining
20:37 Crossbowman
21:23 Thumb Ring
21:12 Fletching
30:51 Bow Saw
42:26 Bodkin Arrow
42:31 Padded Archer Armor
Green Assassin
4:03 Loom
13:44 Feudal Age
14:20 Double-Bit Axe
20:04 Castle Age
19:04 Fishing Lines
20:55 Forging
20:36 Arson
22:12 Wheelbarrow
26:21 Scale Mail Armor
25:50 Pikeman
30:37 Chain Mail Armor
32:54 Ballistics
32:26 Fletching
35:46 Squires
36:11 Bodkin Arrow
36:09 Guard Tower
36:15 Murder Holes
36:34 Yasama
boom n type gg noob team
3:18 Loom
15:04 Feudal Age
21:28 Wheelbarrow
21:01 Double-Bit Axe
22:44 Horse Collar
25:25 Gold Mining
26:53 Fletching
Connection lost

Rejoining the realm…

Still unreachable

The connection could not be restored.

Session expired

The server has moved on; the page needs a fresh start.